 Dungeon Crawl Stone Soup version 0.30.0-15-g856e2d3f33 (webtiles) character file.

Game seed: 3170891179883086684

378 NateTC the Cudgeller (level 6, 0/37 HPs)
             Began as a Gargoyle Fighter on May 20, 2023.
             Was a Follower of Cheibriados.
             Slain by an orc wizard
             ... wielding a +0 dagger
              (3 damage)
             ... on level 4 of the Dungeon.
             The game lasted 00:03:22 (2055 turns).

NateTC the Cudgeller (Gargoyle Fighter)             Turns: 2055, Time: 00:03:22

Health: 0/37       AC: 11    Str: 24    XL:     6   Next: 74%
Magic:  6/6        EV:  9    Int: 10    God:    Cheibriados [*.....]
Gold:   116        SH:  6    Dex: 11    Spells: 5/5 levels left

rFire   . . .        a - +0 flail (vamp)
rCold   . . .        c - +2 buckler
rNeg    + . .        b - +0 scale mail
rPois   ∞            (no helmet)
rElec   +            (no cloak)
rCorr   .            (no gloves)
SInv    .            (no boots)
Will    .....        (no amulet) Stlth
                     (no ring)
HPRegen 0.26/turn    (no ring)
MPRegen 0.10/turn

%: no passive effects
@: very slow
A: sickness immunity, AC +4, negative energy resistance 1, electricity
resistance, torment resistance 1, petrification resistance
a: Renounce Religion, Bend Time


You were on level 4 of the Dungeon.
You worshipped Cheibriados.
Cheibriados was aware of your devotion.
You visited 1 branch of the dungeon, and saw 4 of its levels.

You collected 116 gold pieces.

Inventory:

Hand Weapons
 a - a +0 vampiric flail (weapon)
Armour
 b - a +0 scale mail (worn)
 c - a +2 buckler (worn)
Scrolls
 h - a scroll of noise
Potions
 d - 2 potions of berserk rage
 f - 3 potions of degeneration
 g - 4 potions of haste
 i - a potion of brilliance {unknown}
 m - a potion of resistance {unknown}


   Skills:
 + Level 3.4 Fighting
 * Level 6.9 Maces & Flails
 - Level 3.2 Armour
 - Level 3.2 Shields


You had 5 spell levels left.
You didn't know any spells.
Your spell library was empty.

Dungeon Overview and Level Annotations

Branches:
Dungeon (4/15) Zot: 33053
 Temple: D:4-7

Altars:
Cheibriados
Qazlal
Trog

Shops:
D:1 [   D:2 (


Innate Abilities, Weirdness & Mutations

You are immune to sickness and miasma.
Your stone body is resilient. (AC +4)
You are immune to poison.
You resist negative energy. (rN+)
You are resistant to electric shocks. (rElec)
You are resistant to unholy torment.
You are immune to petrification.


Message History

The orc wizard is heavily wounded.
The orc priest looks braver for a moment.
The orc wizard hits you with a +0 dagger.
The orc priest calls upon Beogh to heal the orc wizard.
The orc wizard is healed somewhat.
You hit the orc wizard but do no damage.
The orc wizard is lightly wounded.
The orc wizard gestures at you while chanting.
The magic dart hits you. The worm completely misses you.
You closely miss the orc wizard.
The orc wizard is lightly wounded.
The orc wizard mumbles some strange words.
The orc wizard flickers and vanishes!
Deactivating autopickup; reactivate with Ctrl-A.
The orc priest looks braver for a moment.
The worm bites you.
You sock the worm!
The worm is severely wounded.
You block the orc priest's attack. Something hits you.
You hit the worm.
You feel better.
You kill the worm!
The orc priest hits you but does no damage.
Something hits you.
You barely miss the orc priest. You block the orc's attack.
The orc priest hits you but does no damage.
Something hits you but does no damage.
The orc priest calls down the wrath of Beogh upon you.
Pain shoots through your body! You block the orc priest's attack.
Something hits you but does no damage.
The orc priest invokes the aid of Beogh against you.
Beogh smites you!
* * * LOW HITPOINT WARNING * * *
The orc hits you but does no damage.
You thump the orc priest!
You feel better.
The orc priest is severely wounded.
The orc priest invokes the aid of Beogh against you.
Beogh smites you!
* * * LOW HITPOINT WARNING * * *
Something hits you.
You die...

##..##. # #..###. ##.
##..##.. ...## #..###..
.....# ##..##... ......#
#####..##....
.......#####......##....
...............#..#.....
.....oo@..#######.......
......o{..# ##.....#
..........# ##...##
..........# #...#
..........# ##.##
..........# #.##
.........## ##.#
...#)....# #.## #..#


You could see 2 orc priests and an orc.

Vanquished Creatures
  Grinder (D:3)
  2 hounds
  6 adders
  A shadow imp (D:3)
  3 worms
  A dart slug (D:2)
  4 orcs (D:3)
  7 endoplasms
  A giant cockroach (D:1)
  5 goblins
  4 hobgoblins
  2 quokkas
  5 ball pythons
  5 bats
  4 frilled lizards (D:1)
  5 kobolds
  6 rats
62 creatures vanquished.

Notes
Turn   | Place    | Note
-------+----------+-------------------------------------------
     0 | D:1      | NateTC the Gargoyle Fighter began the quest for the Orb.
     0 | D:1      | Reached XP level 1. HP: 14/14 MP: 1/1
   240 | D:1      | Reached XP level 2. HP: 19/19 MP: 2/2
   478 | D:1      | Found Faj Goni's Armour Boutique.
   488 | D:1      | Reached skill level 3 in Maces & Flails
   715 | D:2      | Reached XP level 3. HP: 23/23 MP: 3/3
   794 | D:2      | Reached skill level 4 in Maces & Flails
  1028 | D:2      | Reached XP level 4. HP: 28/28 MP: 4/4
  1079 | D:2      | Found Qewnelas's Weapon Shop.
  1227 | D:2      | Reached skill level 5 in Maces & Flails
  1366 | D:3      | Found a snail-covered altar of Cheibriados.
  1378 | D:3      | Became a worshipper of Cheibriados the Contemplative
  1392 | D:3      | Reached XP level 5. HP: 32/32 MP: 5/5
  1517 | D:3      | Noticed Grinder
  1520 | D:3      | Found a stormy altar of Qazlal.
  1541 | D:3      | Killed Grinder
  1541 | D:3      | Reached * piety under Cheibriados
  1542 | D:3      | Reached skill level 6 in Maces & Flails
  1542 | D:3      | Reached XP level 6. HP: 5/37 MP: 6/6
  1951 | D:3      | Found a bloodstained altar of Trog.
  2020 | D:4      | Identified the +7 leather armour of the Northern Lights
                  | {rC+}
  2055 | D:4      | Slain by an orc wizard

Illustrated notes

Levels and vault maps discovered:
D:1:      beargit_arrival_diablo_church, layout_basic, serial_shops,
          nicolae_shop_stone
D:2:      layout_basic, serial_shops, nicolae_shop_bloodbath_and_beyond
D:3:      layout_rooms, mainiacjoe_overflow_alcove_1, lemuel_tele_altar,
          mainiacjoe_overflow_chevrons, minivault_25, uniq_grinder
D:4:      layout_cave_pods, nemelex_spade_bored_becter, chequers_jeans,
          hangedman_decor_lopped

Skill      XL: |  1  2  3  4  5 |
---------------+----------------+-----
Maces & Flails | 3 4 5 6 |  6.9
Fighting       | |  3.4
Armour         | |  3.2
Shields        | |  3.2

Action                     |  1- 3 |  4- 6 || total
---------------------------+-------+-------++-------
  Melee: Flail             |    79 |   101 ||   180
    Use: Scroll            |     1 |     8 ||     9
         Potion            |       |     1 ||     1
 Armour: Scale mail        |    51 |    47 ||    98
  Dodge: Dodged            |    47 |    41 ||    88
  Block: Buckler           |    21 |    20 ||    41
